 Dungeon Crawl Stone Soup version 0.23.0-3-gf3c87f2df8 (webtiles) character file.

Game seed: 17552424931417126236

331 Rend the Chopper (level 6, 13/84 HPs)
             Began as a Minotaur Berserker on Feb 23, 2019.
             Was a Believer of Trog.
             Quit the game on level 4 of the Dungeon.
             The game lasted 00:05:20 (2765 turns).

Rend the Chopper (Minotaur Berserker)               Turns: 2765, Time: 00:05:20

Health: 13/84      AC:  7    Str: 28    XL:     6   Next: 26%
Magic:  5/5        EV: 12    Int:  4    God:    Trog [**....]
Gold:   190        SH:  0    Dex: 10    Spells: 5/5 levels left

rFire    . . .     SeeInvis .   n - +0 war axe
rCold    . . .     Gourm    .   (no shield)
rNeg     . . .     Faith    .   f - +0 ring mail
rPois    .         Spirit   .   (helmet restricted)
rElec    .         Reflect  .   (no cloak)
rCorr    .         Harm     .   u - +0 pair of gloves
MR       .....                  (no boots)
Stlth    ..........             (no amulet)
HPRegen  0.24/turn              (no ring)
MPRegen  0.09/turn              (no ring)

@: berserking, very quick
A: retaliatory headbutt, horns 2
a: Berserk, Trog's Hand, Renounce Religion


You were on level 4 of the Dungeon.
You worshipped Trog.
Trog was pleased with you.
You were not hungry.

You visited 1 branch of the dungeon, and saw 4 of its levels.

You collected 190 gold pieces.

Inventory:

Hand Weapons
 n - a +0 war axe (weapon)
Armour
 f - a +0 ring mail (worn)
 u - a +0 pair of gloves (worn)
Jewellery
 g - an uncursed amulet of the gourmand {unknown}
 v - an uncursed amulet of the gourmand {unknown}
Scrolls
 a - a scroll of blinking {unknown}
 b - a scroll of random uselessness {unknown}
 h - 4 scrolls of remove curse {unknown}
 i - 6 scrolls of identify {unknown}
 j - 3 scrolls of teleportation {unknown}
 l - a scroll of immolation {unknown}
 p - a scroll of noise {unknown}
 s - a scroll of magic mapping {unknown}
 w - a scroll of enchant weapon {unknown}
Potions
 d - a potion of haste {unknown}
 e - a potion of degeneration {unknown}
 k - a potion of flight {unknown}
 m - 3 potions of curing {unknown}
 o - a potion of magic {unknown}
 q - a potion of brilliance {unknown}
 r - a potion of heal wounds {unknown}
Comestibles
 c - 8 rations
 t - 6 chunks of flesh


   Skills:
 + Level 5.0 Fighting
 * Level 6.0 Axes
 + Level 4.1 Armour
 + Level 3.7 Dodging


You had 5 spell levels left.
You didn't know any spells.
Your spell library was empty.

Dungeon Overview and Level Annotations

Branches:
Dungeon (4/15)
 Temple: D:4-7

Altars:
Dithmenos
Makhleb
Okawaru
Xom

Shops:
D:4 :


Innate Abilities, Weirdness & Mutations

You reflexively headbutt those who attack you in melee.
You have a pair of horns on your head.


Message History

You barely miss the orc warrior.
The orc warrior is almost dead.
You miss something. The orc warrior misses you. You furiously retaliate!
You headbutt the orc warrior.
You kill the orc warrior!
Trog accepts your kill.
Your Fighting skill increases to level 5!
Your Axes skill increases to level 6!
Your Armour skill increases to level 4!
You have reached level 6!
Your experience leads to an increase in your attributes!
Your base attributes are Str 22, Int 4, Dex 10.
Increase (S)trength, (I)ntelligence, or (D)exterity?
You feel stronger. Something hits you but does no damage.
You drop a buckler.
Something hits you.
* * * LOW HITPOINT WARNING * * *
Save game and exit?
Okay, then.
Unknown command.
Are you sure you want to abandon this character and quit the game? (Confirm with "yes".)

############
#..!.).....#
####..%.......###
....>...........
#.........(####
#...@.........#######
#..[){.....##..).....
#(.............###...
#..........###.# ##..
.........###### ....
#.. ########.#
......#.. #..
#......#.. ##.#
#......### .#
#.........


There were no monsters in sight!

Vanquished Creatures
  An orc warrior (D:4)
  An ogre (D:4)
  Terence (D:2)
  Robin (D:3)
  3 adders (D:2)
  3 worms
  2 dart slugs
  2 leopard geckos
  2 orcs (D:4)
  6 bats
  2 giant cockroaches
  15 goblins
  8 hobgoblins
  4 jackals (D:3)
  5 kobolds
  A ball python (D:3)
  A frilled lizard (D:2)
  16 rats
74 creatures vanquished.

Vanquished Creatures (others)
  A goblin (D:3)
  4 toadstools (D:1)
5 creatures vanquished.

Grand Total: 79 creatures vanquished

Notes
Turn   | Place    | Note
-------+----------+-------------------------------------------
     0 | D:1      | Rend the Minotaur Berserker began the quest for the Orb.
     0 | D:1      | Reached XP level 1. HP: 19/19 MP: 0/0
   109 | D:1      | Reached XP level 2. HP: 23/27 MP: 1/1
   124 | D:1      | Reached skill level 4 in Axes
   252 | D:1      | Reached ** piety under Trog
   641 | D:1      | Reached XP level 3. HP: 29/33 MP: 2/2
  1230 | D:2      | Found a faded altar of an unknown god.
  1440 | D:2      | Noticed Terence
  1445 | D:2      | Killed Terence
  1445 | D:2      | Reached XP level 4. HP: 40/40 MP: 3/3
  1631 | D:2      | Found a burning altar of Makhleb.
  1631 | D:2      | Noticed a blizzard demon
  1909 | D:3      | Reached skill level 5 in Axes
  2073 | D:3      | Found a shimmering altar of Xom.
  2085 | D:3      | Found a shadowy altar of Dithmenos.
  2140 | D:3      | Found an iron altar of Okawaru.
  2221 | D:3      | Noticed Robin
  2229 | D:3      | Killed Robin
  2479 | D:3      | Reached XP level 5. HP: 47/47 MP: 4/4
  2681 | D:4      | Found Xecounny's Book Emporium.
  2688 | D:4      | Noticed an ogre
  2694 | D:4      | Killed an ogre
  2746 | D:4      | Noticed an orc warrior
  2763 | D:4      | Killed an orc warrior
  2763 | D:4      | Reached skill level 5 in Fighting
  2763 | D:4      | Reached skill level 6 in Axes
  2763 | D:4      | Reached XP level 6. HP: 14/56 MP: 5/5
  2765 | D:4      | Quit the game

Skill      XL: |  1  2  3  4  5 |
---------------+----------------+-----
Axes           | 4 5 6 |  6.0
Fighting       | 4 5 |  5.0
Armour         | 3 4 |  4.1
Dodging        | 3 |  3.7

Action                   |  1- 3 |  4- 6 || total
-------------------------+-------+-------++-------
Melee: Hand axe          |    69 |       ||    69
       Headbutt          |    10 |     6 ||    16
       War axe           |     7 |    64 ||    71
Invok: Berserk           |     1 |     2 ||     3
 Stab: Sleeping          |     1 |       ||     1
  Eat: Chunk             |     2 |     6 ||     8
Armor: Animal skin       |     2 |       ||     2
       Ring mail         |    14 |    20 ||    34
Dodge: Dodged            |    26 |    45 ||    71
